 Dungeon Crawl Stone Soup version 0.20-a0-903-g7e3609c (webtiles) character file.

10817 Hook the Blocker (level 12, -5/90 HPs)
             Began as a Formicid Fighter on Mar 20, 2017.
             Was a Priest of Hepliaklqana.
             Slain by a freezing wraith (17 damage)
             ... led by a death knight
             ... on level 10 of the Dungeon.
             The game lasted 00:36:55 (13071 turns).

Hook the Blocker (Formicid Fighter)                Turns: 13071, Time: 00:36:56

Health: -5/90      AC: 16    Str: 25    XL:     12   Next: 0%
Magic:  0/12       EV:  8    Int:  8    God:    Hepliaklqana [***...]
Gold:   894        SH: 13    Dex: 11    Spells: 11/11 levels left

rFire    . . .     SeeInvis +   y - +4 trident (venom)
rCold    . . .     Gourm    .   q - +3 chain mail of Thoughtfulness {*Contam *Drain +Inv rN+++}
rNeg     + + +     Faith    .   c - +0 shield
rPois    +         Spirit   +   (helmet unavailable)
rElec    .         Reflect  .   R - +0 cloak
rCorr    .         Harm     .   z - +0 pair of gloves
MR       ++...                  (no boots)
Stlth    ..........             Q - amulet "Penupn" {Spirit *Contam rPois rN++ Stlth+}
Regen    0.3/turn               e - ring of protection from magic
MPRegen  0.2/turn               u - ring of poison resistance

@: no status effects
A: permanent stasis, dig shafts and tunnels, four strong arms, reduced essence,
antennae 3
a: Dig, Shaft Self, Recall Ancestor, Ancestor Identity, Transference, Renounce
Religion, Evoke Invisibility


You were on level 10 of the Dungeon.
You worshipped Hepliaklqana.
Hepliaklqana was most pleased with you.
You were not hungry.

You visited 1 branch of the dungeon, and saw 11 of its levels.

You collected 894 gold pieces.

Inventory:

Hand Weapons
 a - a +1 trident
 y - a +4 trident of venom (weapon)
Armour
 c - a +0 shield (worn)
 q - the +3 chain mail of Thoughtfulness (worn) {*Contam *Drain +Inv rN+++}
   (You found it on level 7 of the Dungeon)

   It renders you almost immune to negative energy.
   It lets you turn invisible.
   It causes magical contamination when unequipped.
   It causes draining when unequipped.
 z - a +0 pair of gloves (worn)
 R - a +0 cloak (worn)
Jewellery
 e - a ring of protection from magic (right hand)
 u - a ring of poison resistance (left hand)
 J - an uncursed amulet of magic regeneration
 M - an uncursed amulet of regeneration
 Q - the amulet "Penupn" (around neck) {Spirit *Contam rPois rN++ Stlth+}
   (You found it on level 10 of the Dungeon)

   [amulet of guardian spirit]

   It causes incoming damage to be split between your health and magic.
   It protects you from poison.
   It greatly protects you from negative energy.
   It causes magical contamination when unequipped.
   It makes you more stealthy.
Wands
 F - a wand of flame (27/48)
Scrolls
 k - 3 scrolls of recharging
 m - 4 scrolls of identify
 t - a scroll of enchant armour {unknown}
 v - 6 scrolls of teleportation
 w - a scroll of magic mapping {unknown}
 x - a scroll of fear {unknown}
 C - 5 scrolls of remove curse {unknown}
 G - a scroll of immolation {unknown}
 H - 2 scrolls of amnesia
 I - a scroll of noise {unknown}
 K - 4 scrolls of fog {unknown}
 L - a scroll of brand weapon {unknown}
 O - 2 scrolls of random uselessness {unknown}
 S - a scroll of vulnerability {unknown}
Potions
 d - 2 potions of might
 g - 3 potions of agility {unknown}
 i - 10 potions of curing {unknown}
 j - 2 potions of mutation {unknown}
 l - 5 potions of brilliance {unknown}
 n - 2 potions of flight {unknown}
 o - 4 potions of heal wounds {unknown}
 p - 2 potions of ambrosia {unknown}
 r - 2 potions of degeneration {unknown}
 s - a potion of invisibility {unknown}
 A - 3 potions of haste {unknown}
 E - 3 potions of lignification {unknown}
 N - a potion of magic {unknown}
Books
 b - a book of Air

   Spells                             Type                      Level
   a - Shock                          Conjuration/Air              1
   b - Swiftness                      Charms/Air                   2
   c - Static Discharge               Conjuration/Air              3
   d - Airstrike                      Air                          4
   e - Lightning Bolt                 Conjuration/Air              5
Comestibles
 f - 8 bread rations
 h - 6 meat rations
 B - 5 royal jellies


   Skills:
 * Level 11.0 Fighting
 * Level 9.9 Polearms
 + Level 8.2 Armour
 * Level 12.1 Shields


You had 11 spell levels left.
You didn't know any spells.

Dungeon Overview and Level Annotations

Branches:
Dungeon (11/15)            Temple (0/1) D:6             Orc (0/2) D:10
   Lair: D:8-11

Altars:
Fedhas
Gozag
Hepliaklqana
Kikubaaqudgha
Makhleb
Sif Muna
Uskayaw
Vehumet
Wu Jian
Xom
The Shining One

Shops:
D:4 :   D:9 (


Innate Abilities, Weirdness & Mutations

You cannot be hasted, slowed, berserked, paralysed or teleported.
You can dig through walls and to a lower floor.
Your four strong arms can wield two-handed weapons with a shield.
You have a pair of large antennae on your head. (SInv)
Your life essence is reduced. (-10% HP)


Message History

You closely miss the freezing wraith.
The freezing wraith is moderately damaged.
The freezing wraith hits you but does no damage.
You block the freezing wraith's attack.
You closely miss the freezing wraith.
The freezing wraith is moderately damaged.
You block the freezing wraith's attack. The freezing wraith barely misses you.
You hit the freezing wraith.
The freezing wraith is moderately damaged.
The freezing wraith hits you. The freezing wraith freezes you!!
* * * LOW HITPOINT WARNING * * *
You block the freezing wraith's attack.
You hit the freezing wraith.
The freezing wraith is moderately damaged.
You hit the freezing wraith.
The freezing wraith is heavily damaged.
The freezing wraith hits you.
* * * LOW HITPOINT WARNING * * *
The freezing wraith freezes you!
You die...

.....# #...# ###. ..<..#####...#
############.#.
.............######...#........#.
.....##......#...#.........###...
.....###.........................
###### ##....#...................
##...###...............รท.
#..####.#.........##.... ####
#####.....W@.........#...#.. ...#
#...^..##....####)####.#.#.# ...#
#...........## #.###....#y.
...###...#.5####..# ##.##..###...
.............####.###.....###..##
..........##......##...####...##
...###.#........>.##.#.####...# #
#### #.##.........##.#.#......###
#.####.#####.........#...##......


You could see a freezing wraith and a shadow imp.

Vanquished Creatures
  A two-headed ogre (D:8)
  A death knight (D:11)
  An orc knight (D:10)
  Joseph (D:7)
  Maurice (D:9)
  A troll (D:10)
  A hornet (D:10)
  3 hippogriffs
  A steam dragon (D:10)
  A hungry ghost (D:7)
  4 hogs (D:7)
  An ice beast (D:10)
  3 orc warriors
  3 black bears
  A sky beast (D:10)
  A hornet zombie (D:11)
  3 ogres
  The ghost of itsmu the Insei, an amateur DsFi (D:3)
  6 centaurs
  A big kobold (D:7)
  6 bullfrogs
  3 scorpions
  7 killer bees
  4 howler monkeys
  5 crimson imps
  2 bullfrog zombies
  A bullfrog skeleton (D:7)
  11 hounds
  2 jellies
  9 orc wizards
  7 orc priests
  Jessica (D:3)
  3 iguanas
  9 worker ants
  A killer bee zombie (D:8)
  3 hound skeletons
  A howler monkey zombie (D:7)
  7 adders
  10 gnolls
  A shadow imp (D:7)
  An ooze (D:1)
  An adder skeleton (D:5)
  A worm (D:3)
  8 leopard geckos
  29 orcs
  9 giant cockroaches
  7 goblins
  10 hobgoblins
  15 jackals
  15 kobolds
  2 quokkas
  7 bats
  3 frilled lizards
  A leopard gecko zombie (D:6)
  A quokka skeleton (D:4)
  7 rats
  2 plants (D:7)
248 creatures vanquished.

Vanquished Creatures (collateral kills)
  A two-headed ogre (D:9)
  A centaur skeleton (D:10)
  A wyvern (D:11)
  A steam dragon (D:10)
  A human (D:7)
  An ice beast (D:8)
  An ogre (D:9)
  A phantom (D:8)
  A centaur (D:9)
  A big kobold (D:8)
  A gnoll sergeant (D:7)
  A scorpion (D:8)
  2 killer bees
  A jelly (D:9)
  A hound (D:7)
  A gnoll shaman (D:7)
  3 orc wizards
  A worker ant (D:11)
  2 adders
  6 orcs
  A hobgoblin (D:7)
  4 kobolds (D:7)
  A ball python skeleton (D:5)
  A leopard gecko skeleton (D:5)
36 creatures vanquished.

Vanquished Creatures (others)
  5 battlemagi
  A plant (D:7)
6 creatures vanquished.

Grand Total: 290 creatures vanquished

Notes
Turn   | Place    | Note
-------+----------+-------------------------------------------
     0 | D:1      | Hook the Formicid Fighter began the quest for the Orb.
     0 | D:1      | Reached XP level 1. HP: 18/18 MP: 1/1
    16 | D:1      | You fall through a shaft!
   217 | D:2      | Found a shimmering altar of Xom.
   273 | D:2      | Reached XP level 2. HP: 24/24 MP: 2/2
   479 | D:2      | Found an opulent altar of Gozag.
   636 | D:2      | Found a blossoming altar of Fedhas.
   636 | D:2      | Found an ancient bone altar of Kikubaaqudgha.
   642 | D:2      | Reached XP level 3. HP: 29/29 MP: 3/3
   994 | D:2      | Reached skill level 4 in Shields
  1223 | D:1      | Reached XP level 4. HP: 34/37 MP: 4/4
  2189 | D:3      | Noticed Jessica
  2197 | D:3      | Killed Jessica
  2197 | D:3      | Reached XP level 5. HP: 42/42 MP: 5/5
  2690 | D:3      | Noticed itsmu's ghost (amateur DsFi)
  2711 | D:3      | Killed itsmu's ghost
  2711 | D:3      | Reached skill level 5 in Shields
  2711 | D:3      | Reached XP level 6. HP: 5/50 MP: 6/6
  3561 | D:4      | Reached skill level 5 in Fighting
  3561 | D:4      | Reached XP level 7. HP: 56/56 MP: 7/7
  3648 | D:4      | Found Humoplor's Book Shop.
  4235 | D:5      | Entered Level 5 of the Dungeon
  4490 | D:5      | Reached skill level 6 in Shields
  5102 | D:4      | Reached skill level 5 in Armour
  5109 | D:4      | Reached XP level 8. HP: 55/64 MP: 8/8
  5204 | D:3      | HP: 3/64 [poisoned by a worker ant]
  5212 | D:3      | HP: 3/64 [poisoned by a worker ant]
  6320 | D:5      | Found an ornate altar of the Wu Jian Council.
  6320 | D:5      | Found a glowing golden altar of the Shining One.
  6322 | D:5      | Found a hide-covered altar of Uskayaw.
  6322 | D:5      | Found a deep blue altar of Sif Muna.
  6333 | D:5      | Found a hazy altar of Hepliaklqana.
  6341 | D:5      | Became a worshipper of Hepliaklqana the Forgotten
  6626 | D:5      | Reached skill level 5 in Polearms
  6636 | D:5      | Reached skill level 7 in Shields
  7386 | D:6      | Found a burning altar of Makhleb.
  7496 | D:6      | Found a radiant altar of Vehumet.
  7498 | D:6      | Reached * piety under Hepliaklqana
  7641 | D:6      | Found a staircase to the Ecumenical Temple.
  8004 | D:6      | Reached XP level 9. HP: 50/64 MP: 9/9
  8159 | D:7      | Reached skill level 8 in Shields
  8231 | D:7      | Noticed Joseph
  8249 | D:7      | Killed Joseph
  8661 | D:7      | Reached skill level 9 in Shields
  8674 | D:7      | Reached XP level 10. HP: 29/73 MP: 10/10
  8941 | D:7      | Got a heavily runed chain mail
  8942 | D:7      | Identified the +3 chain mail of Thoughtfulness {*Contam *Drain +Inv rN+++} (You found it on level 7 of the Dungeon)
  9531 | D:7      | Reached skill level 10 in Shields
 10092 | D:8      | Reached ** piety under Hepliaklqana
 10093 | D:8      | Remembered your ancestor Izel as a battlemage
 10384 | D:8      | Noticed a two-headed ogre
 10390 | D:8      | Killed a two-headed ogre
 10645 | D:9      | Found an ornate altar of the Wu Jian Council.
 10648 | D:9      | Reached XP level 11. HP: 45/81 MP: 11/11
 11095 | D:9      | Noticed a two-headed ogre
 11103 | D:9      | Killed a two-headed ogre
 11103 | D:9      | Reached skill level 10 in Fighting
 11103 | D:9      | Reached skill level 11 in Shields
 11292 | D:9      | Found Damo's Weapon Boutique.
 11413 | D:9      | Noticed Maurice
 11419 | D:9      | Killed Maurice
 11736 | D:10     | Entered Level 10 of the Dungeon
 11764 | D:10     | Noticed an orc knight
 11767 | D:10     | Reached *** piety under Hepliaklqana
 11781 | D:10     | Killed an orc knight
 11810 | D:10     | Found a staircase to the Orcish Mines.
 12009 | D:10     | Got an ancient ruby amulet
 12024 | D:10     | Identified the amulet "Penupn" {Spirit *Contam rPois rN++ Stlth+} (You found it on level 10 of the Dungeon)
 12487 | D:11     | Noticed a death knight
 12757 | D:10     | Reached skill level 12 in Shields
 13050 | D:11     | Noticed a cyclops
 13050 | D:11     | Killed a death knight
 13051 | D:11     | Reached XP level 12. HP: 66/90 MP: 8/12
 13071 | D:10     | Slain by a freezing wraith

Vault maps used:
D:1:      zelgadis_glass_arrival_small, minmay_misc_feat_rows
D:2:      grunt_temple_overflow_growth_and_decay, xom_teletrap_fun,
          nicolae_gozag_seed_capital
D:3:      uniq_jessica
D:4:      serial_shops, shop
D:5:      grunt_temple_overflow_open, first_bread
D:6:      makhleb_heckhound_becter, vehumet_crystals,
          minmay_temple_entry_statues_pillars, kennysheep_generic_room_11
D:7:      kennysheep_housing_project, minmay_misc_feat_ornament,
          grunt_livestock, uniq_joseph
D:9:      serial_shops, nicolae_shop_waterfront, basic_altar, uniq_maurice
D:10:     orc_david_3
D:11:     erik_lair_orcish_takeover, hangedman_corner_corridor

Skill      XL: |  1  2  3  4  5  6  7  8  9 10 11 |
---------------+----------------------------------+-----
Shields        | 4 5 6 7 9 10 12 | 12.1
Fighting       | 4 5 7 8 9 11 | 11.0
Armour         | 4 5 6 7 8 |  8.2
Polearms       | 3 4 5 7 8 9 |  9.9

Action                   |  1- 3 |  4- 6 |  7- 9 | 10-12 || total
-------------------------+-------+-------+-------+-------++-------
Melee: Trident           |   119 |   160 |   346 |   416 ||  1041
Throw: Throwing net      |       |       |       |     2 ||     2
Invok: Ancestor Life: Ba |       |       |       |     1 ||     1
       Ancestor Identity |       |       |       |     1 ||     1
       Recall Ancestor   |       |       |       |     1 ||     1
 Abil: Dig               |     6 |     9 |    18 |     5 ||    38
       Shaft Self        |     1 |       |       |       ||     1
  Use: Scroll            |       |     4 |     1 |     8 ||    13
 Stab: Distracted        |       |       |       |     4 ||     4
  Eat: Chunk             |     3 |     6 |     9 |     4 ||    22
       Royal jelly       |       |     1 |       |     3 ||     4
       Meat ration       |       |       |     3 |       ||     3
       Fruit             |       |       |       |     5 ||     5
Armor: Scale mail        |    52 |    38 |    89 |       ||   179
       Chain mail        |       |       |       |   125 ||   125
Dodge: Dodged            |    30 |    30 |   112 |    91 ||   263
Block: Shield            |    68 |    57 |   182 |   213 ||   520
